 Dungeon Crawl Stone Soup version 0.19.0-2-gae57169 (webtiles) character file.

2984 MoppuH the Covert (level 9, -1/65 HPs)
             Began as a Vampire Assassin on Nov 1, 2016.
             Was a Follower of Dithmenos.
             Slain by a killer bee (7 damage)
             ... on level 8 of the Dungeon on Nov 3, 2016.
             The game lasted 04:38:39 (7793 turns).

MoppuH the Covert (Vampire Assassin)                Turns: 7793, Time: 04:38:40

Health: -1/65      AC:  0    Str: 10    XL:     9   Next: 53%
Magic:  10/12      EV: 25    Int: 14    God:    Dithmenos [*.....]
Gold:   473        SH:  0    Dex: 23    Spells: 0 memorised, 8 levels left

rFire  . . .     SeeInvis +       - Unarmed
rCold  . . .     Gourm    .     (armour currently unavailable)
rNeg   + . .     Faith    .     (shield currently unavailable)
rPois  .         Spirit   .     (helmet currently unavailable)
rElec  .         Reflect  .     (cloak currently unavailable)
rCorr  .         Harm     .     (gloves currently unavailable)
MR     .....                    (boots currently unavailable)
Stlth  ++++++++..               A - amulet of regeneration
                                (ring currently unavailable)
                                (ring currently unavailable)

@: bat-form, flying, wreathed by umbra, very quick
A: fangs 3, see invisible, (unbreathing)
a: End Transformation, Renounce Religion


You were on level 8 of the Dungeon.
You worshipped Dithmenos.
Dithmenos was aware of your devotion.
You were not thirsty.
You were in vampire-bat-form.
You visited 2 branches of the dungeon, and saw 11 of its levels.
You also visited: Ossuary.

You collected 473 gold pieces.

Inventory:

Hand Weapons
 a - a +2 dagger
 b - a +0 blowgun
 c - a cursed +4 flail
 f - a +4 spear
 h - a +0 hunting sling
 k - a +0 shortbow
 m - a +0 rapier
 o - a cursed +3 short sword
 v - a cursed +1 rapier (melded)
 D - a +0 short sword
 E - a cursed +3 spear
Missiles
 e - 68 poisoned needles
 r - 58 arrows
 t - 2 curare-tipped needles
 x - 2 javelins
 y - 18 bolts
 z - 84 sling bullets
Armour
 d - a +1 cloak (melded)
 j - a +0 leather armour
 n - the +0 robe "Utrinlyi" (melded) {rElec Str+2}
   (You found it on level 8 of the Dungeon)

   It affects your strength (+2).
   It insulates you from electricity.
 q - a +2 pair of boots (melded)
 B - a +0 helmet (melded)
Jewellery
 u - a +5 ring of protection (melded)
 w - a ring of protection from magic (melded)
 A - an amulet of regeneration (around neck)
 F - an uncursed ring of protection from fire {unknown}
Wands
 s - a wand of iceblast (0/15)
Scrolls
 i - 4 scrolls of identify
 l - a scroll of recharging
Potions
 g - 7 potions of blood
 p - 3 potions of flight


   Skills:
 - Level 4.2 Fighting
 - Level 6.4 Short Blades
 - Level 1.1(2.2) Slings
 - Level 3.0 Bows
 - Level 3.0(3.1) Throwing
 - Level 2.0 Armour
 + Level 5.3 Dodging
 - Level 10.0 Stealth
 - Level 4.0 Unarmed Combat
 + Level 4.3 Invocations


You had 8 spell levels left.
You didn't know any spells.

Dungeon Overview and Level Annotations

Branches:
Dungeon (10/15)            Temple (1/1) D:6
   Lair: D:8-11         Orc: D:9-12

Altars:
Ashenzari
Cheibriados
Dithmenos
Elyvilon
Fedhas
Gozag
Hepliaklqana
Kikubaaqudgha
Makhleb
Nemelex Xobeh
Okawaru
Qazlal
Ru
Sif Muna
Trog
Uskayaw
Vehumet
Xom
Yredelemnul
Zin
The Shining One

Annotations:
D:4 Natasha
D:5 Bsssss's ghost, novice OpAs


Innate Abilities, Weirdness & Mutations

You have razor-sharp teeth.
You have supernaturally acute eyesight. (SInv)
((You can survive without breathing.))


Message History

There is a stone staircase leading down here.
You feel better.
The killer bee stings you but does no damage.
The killer bee barely misses you. The killer bee closely misses you.
The killer bee misses you. The killer bee closely misses you.
The killer bee stings you but does no damage.
The killer bee stings you.
* * * LOW HITPOINT WARNING * * *
The killer bee stings you but does no damage.
You turn into a vampire bat.
Your cursed +1 rapier melds into your body.
Your +1 cloak melds into your body.
Your +0 helmet melds into your body.
Your +2 pair of boots melds into your body.
The +0 robe "Utrinlyi" {rElec Str+2} melds into your body.
Your ring of protection from magic melds into your body.
Your +5 ring of protection melds into your body.
The killer bee completely misses you. x3; The killer bee stings you.
* * * LOW HITPOINT WARNING * * *
The killer bee stings you!
You die...

#.# ##.......# #.#.# #..#
#.# ##......####.#.###..#
..# #..................#
..#####.....#######.####.#
#.........# #.# ..
#.#####..## ..# ## #..#
#.## #.y# #. #by# #. #yy#
#. #..# #..######
#........ #.#######
#.......# #######..


You could see 4 killer bees.

Vanquished Creatures
  A hippogriff (D:8)
  A wyvern (D:8)
  Edmund (D:5)
  2 ice beasts
  An orc warrior (D:8)
  A phantom (D:5)
  An ogre (D:4)
  A black bear (D:8)
  2 centaurs
  3 bullfrogs
  A wyvern zombie (D:8)
  4 scorpions
  5 wights
  5 howler monkeys
  A crimson imp (D:7)
  A centaur zombie (Ossuary)
  A bullfrog zombie (D:5)
  A jelly (D:5)
  3 centaur skeletons
  2 hounds
  A bullfrog skeleton (D:6)
  2 orc priests
  An iguana (D:3)
  Natasha (D:4)
  5 worker ants
  A big kobold zombie (Ossuary)
  A hound skeleton (D:6)
  A worker ant zombie (D:6)
  A howler monkey skeleton (D:10)
  6 adders
  2 worms
  2 dart slugs
  9 leopard geckos
  7 orcs
  7 bats
  3 giant cockroaches
  A gnoll zombie (Ossuary)
  3 goblins (D:1)
  10 hobgoblins
  13 jackals
  5 kobolds
  5 quokkas
  A ball python (D:2)
  5 frilled lizards
  A jackal zombie (D:4)
  5 rats
137 creatures vanquished.

Notes
Turn   | Place    | Note
-------+----------+-------------------------------------------
     0 | D:1      | MoppuH the Vampire Assassin began the quest for the Orb.
     0 | D:1      | Reached XP level 1. HP: 16/16 MP: 1/1
    30 | D:1      | Reached skill level 6 in Stealth
    87 | D:1      | Reached XP level 2. HP: 22/22 MP: 2/2
   407 | D:3      | Reached XP level 3. HP: 15/27 MP: 3/3
   458 | D:4      | Noticed Natasha
   485 | D:4      | Killed Natasha
   485 | D:4      | Reached skill level 7 in Stealth
   485 | D:4      | Reached XP level 4. HP: 13/33 MP: 4/4
   601 | D:4      | Noticed an ogre
   731 | D:1      | You fall through a shaft!
  1902 | D:4      | Noticed Natasha
  1934 | D:3      | Reached XP level 5. HP: 34/38 MP: 5/5
  1961 | D:4      | Reached skill level 1 in Armour
  2027 | D:3      | Found a white marble altar of Elyvilon.
  2443 | D:4      | Killed an ogre
  2443 | D:4      | Reached XP level 6. HP: 44/44 MP: 6/6
  2820 | D:4      | Reached skill level 8 in Stealth
  2862 | D:4      | Upgraded the game from 0.19.0 to 0.19.0-2-gae57169
  3045 | D:5      | Entered Level 5 of the Dungeon
  3077 | D:5      | Noticed an ice beast
  3084 | D:5      | Killed an ice beast
  3084 | D:5      | Reached skill level 1 in Slings
  3084 | D:5      | Reached skill level 1 in Unarmed Combat
  3150 | D:5      | Found a sand-covered staircase.
  3159 | Ossuary  | Entered an ossuary
  3297 | Ossuary  | Reached XP level 7. HP: 48/50 MP: 7/7
  3511 | Ossuary  | Noticed Jerry's ghost (novice MiMo)
  4294 | D:5      | Noticed Bsssss's ghost (novice OpAs)
  4313 | D:5      | Noticed Edmund
  4328 | D:5      | Killed Edmund
  4475 | D:5      | Reached skill level 5 in Dodging
  4549 | D:5      | Reached XP level 8. HP: 58/58 MP: 8/8
  4692 | D:5      | Reached skill level 1 in Bows
  4947 | D:6      | Reached skill level 9 in Stealth
  5151 | D:6      | Found a staircase to the Ecumenical Temple.
  5221 | Temple   | Entered the Ecumenical Temple
  5582 | Temple   | Became a worshipper of Dithmenos the Shadowed
  6168 | D:6      | Found a glowing golden altar of the Shining One.
  6553 | D:8      | Reached skill level 5 in Short Blades
  6553 | D:8      | Reached skill level 1 in Invocations
  6910 | D:8      | Reached XP level 9. HP: 61/63 MP: 10/10
  6944 | D:10     | Entered Level 10 of the Dungeon
  6969 | D:10     | Noticed a brown ugly thing
  7130 | D:8      | Reached * piety under Dithmenos
  7420 | D:8      | Got a warped robe
  7421 | D:8      | Identified the +0 robe "Utrinlyi" {rElec Str+2} (You found it on level 8 of the Dungeon)
  7494 | D:8      | Reached skill level 10 in Stealth
  7761 | D:9      | Noticed a queen bee
  7793 | D:8      | Slain by a killer bee

Skill      XL: |  1  2  3  4  5  6  7  8  9 |
---------------+----------------------------+-----
Stealth        | 6 7 8 9 10 | 10.0
Fighting       | 2 3 4 |  4.2
Throwing       | 2 3 |  3.0
Dodging        | 2 3 5 |  5.3
Short Blades   | 3 4 5 6 |  6.4
Armour         | 1 2 |  2.0
Slings         | 1 |  1.1
Unarmed Combat | 2 3 4 |  4.0
Bows           | 3 |  3.0
Invocations    | 2 4 |  4.3

Action                   |  1- 3 |  4- 6 |  7- 9 || total
-------------------------+-------+-------+-------++-------
Melee: Dagger            |    53 |   184 |   136 ||   373
       Bite              |     3 |    27 |    46 ||    76
       Punch             |       |       |    10 ||    10
       Rapier            |       |       |   214 ||   214
       Spear             |       |       |     9 ||     9
 Fire: Blowgun           |    19 |    40 |    37 ||    96
       Shortbow          |       |       |    33 ||    33
Throw: Javelin           |       |     3 |    12 ||    15
       Tomahawk          |       |     2 |     2 ||     4
       Throwing net      |       |     1 |       ||     1
 Abil: Bat Form          |       |       |     1 ||     1
Evoke: Wand              |       |       |     1 ||     1
  Use: Potion            |     2 |     6 |    27 ||    35
       Scroll            |     1 |     7 |    12 ||    20
 Stab: Sleeping          |     4 |    13 |     7 ||    24
       Distracted        |       |     1 |     1 ||     2
       Held in net/web   |       |     2 |       ||     2
  Eat: Corpse            |     4 |     1 |       ||     5
Armor: Robe              |    12 |     9 |    47 ||    68
       Leather armour    |       |    30 |    65 ||    95
Dodge: Dodged            |    40 |    90 |   345 ||   475
